 Dungeon Crawl Stone Soup version 0.20.1-1-g8b1a95d (webtiles) character file.

830 FallenPrincess the Slasher (level 7, -3/55 HPs)
             Began as a Demonspawn Fighter on Aug 28, 2017.
             Killed by divine providence
             ... invoked by an orc priest
              (14 damage)
             ... on level 4 of the Dungeon.
             The game lasted 00:13:51 (3236 turns).

FallenPrincess the Slasher (Demonspawn Fighter)     Turns: 3236, Time: 00:13:52

Health: -3/55      AC: 13    Str: 18    XL:     7   Next: 65%
Magic:  7/7        EV:  9    Int:  9    God:
Gold:   196        SH: 15    Dex: 18    Spells: 6/6 levels left

rFire    + . .     SeeInvis .   a - +1 long sword
rCold    . . .     Gourm    .   c - +0 shield
rNeg     . . .     Faith    .   n - +0 plate armour
rPois    .         Spirit   .   (helmet restricted)
rElec    .         Reflect  +   (no cloak)
rCorr    .         Harm     .   (no gloves)
MR       .....                  (no boots)
Stlth    ..........             k - +5 amulet of reflection
Regen    0.2/turn               (no ring)
MPRegen  0.1/turn               (no ring)

@: agile
A: horns 1, iridescent scales 1, fire resistance 1, powered by pain 2, flame
cloud immunity
a: no special abilities


You were on level 4 of the Dungeon.
You were hungry.

You visited 1 branch of the dungeon, and saw 4 of its levels.
You also visited: Sewer.

You collected 196 gold pieces.

Inventory:

Hand Weapons
 a - a +1 long sword (weapon)
Armour
 b - a +0 scale mail
 c - a +0 shield (worn)
 h - a +0 helmet
 j - a +0 chain mail
 n - a +0 plate armour (worn)
Jewellery
 k - a +5 amulet of reflection (around neck)
 l - an uncursed amulet of rage
 m - a cursed -2 ring of dexterity
 o - an uncursed amulet of regeneration
Wands
 p - a wand of iceblast (6/15)
 s - a wand of confusion (16/48)
Scrolls
 e - a scroll of immolation
 g - a scroll of identify
 i - a scroll of blinking
 q - 2 scrolls of enchant armour {unknown}
 u - a scroll of fear {unknown}
Potions
 d - 2 potions of might
 t - a potion of haste {unknown}
Comestibles
 f - a bread ration
 r - a royal jelly


   Skills:
 + Level 4.3 Fighting
 + Level 5.0 Long Blades
 + Level 3.9 Armour
 + Level 1.6 Dodging
 + Level 0.4 Stealth
 + Level 4.9 Shields


You had 6 spell levels left.
You didn't know any spells.

Dungeon Overview and Level Annotations

Branches:
Dungeon (4/15)             Temple (0/1) D:4

Altars:
Hepliaklqana
The Shining One


Innate Abilities, Weirdness & Mutations

You have a pair of small horns on your head.
You are partially covered in iridescent scales. (AC +2)
Your flesh is heat resistant. (rF+)
You sometimes gain power by taking damage.
You are immune to clouds of flame.


Message History

You headbutt the orc priest, but do no damage.
The orc priest is moderately wounded.
The orc hits you but does no damage.
The orc priest calls down the wrath of Beogh upon you.
Beogh smites you!
You focus on the pain.
You feel agile all of a sudden. The orc hits you but does no damage.
As you read the scroll of immolation, it crumbles to dust.
The creatures around you are filled with an inner flame!
You block the orc's attack.
The orc priest invokes the aid of Beogh against you.
Beogh smites you!
* * * LOW HITPOINT WARNING * * *
You block the orc's attack. You block the orc priest's attack.
You slash the orc priest!
The orc priest is severely wounded.
The orc priest mumbles some strange prayers to Beogh against you.
Beogh smites you!
You die...

,,,#..####.......(..##
*#.#**
>,,+...###.#........#
*...*
,,,#.......#........#
**#.#***
,,,#....####........#
*...,*
,,,#.#..............#*
**##,*
+**###..########.##..#####
**,,* .* #..#
#.o##.....#***,,**
.#####..##
##ooo...#*,,,,,,***
.........#
#.@#)o......,,,<,,,
.<.#####.##
#.##....[...,,*,,,, ...#
#..#####.##.>......,,*,,,,
...#
##..##...##########***,,,,
...# ##.##.### ***** ...#
#....# ...# ###..# ####
#.## ###


You could see an orc priest (inner flame) and 3 orcs.

Vanquished Creatures
  Duvessa (D:4)
  A hornet zombie (D:3)
  A bullfrog (Sewer)
  Dowan (D:4)
  A crimson imp (D:4)
  An orc priest (D:3)
  Ijyb (D:4)
  2 orc wizards (D:3)
  A worker ant (D:3)
  A gnoll (D:1)
  A river rat (D:3)
  13 adders
  7 oozes (Sewer)
  An adder skeleton (D:4)
  4 worms
  5 dart slugs
  16 leopard geckos
  6 orcs
  10 bats
  13 giant cockroaches
  9 goblins
  6 hobgoblins
  7 jackals
  6 kobolds
  2 quokkas
  13 ball pythons
  20 frilled lizards
  A leopard gecko skeleton (D:4)
  14 rats
165 creatures vanquished.

Vanquished Creatures (others)
  A goblin (D:2)
1 creature vanquished.

Grand Total: 166 creatures vanquished

Notes
Turn   | Place    | Note
-------+----------+-------------------------------------------
     0 | D:1      | FallenPrincess the Demonspawn Fighter began the quest for the Orb.
     0 | D:1      | Reached XP level 1. HP: 18/18 MP: 1/1
    75 | D:1      | Gained mutation: Your flesh is heat resistant. (rF+) [demonic ancestry]
    75 | D:1      | Reached XP level 2. HP: 18/24 MP: 2/2
   144 | D:1      | Reached skill level 2 in Long Blades
   223 | D:1      | Gained mutation: You have a pair of small horns on your head. [demonic ancestry]
   223 | D:1      | Reached XP level 3. HP: 23/29 MP: 3/3
   771 | D:2      | Gained mutation: You sometimes gain a little power by taking damage. [demonic ancestry]
   771 | D:2      | Reached XP level 4. HP: 24/35 MP: 4/4
  1138 | D:2      | Reached skill level 3 in Long Blades
  1955 | D:3      | Gained mutation: You sometimes gain power by taking damage. [demonic ancestry]
  1955 | D:3      | Reached XP level 5. HP: 42/42 MP: 5/5
  2167 | D:3      | Found a glowing drain.
  2182 | Sewer    | Entered a sewer
  2223 | Sewer    | Gained mutation: You are partially covered in iridescent scales. (AC +2) [demonic ancestry]
  2223 | Sewer    | Reached XP level 6. HP: 38/48 MP: 6/6
  2360 | Sewer    | Reached skill level 1 in Dodging
  2520 | Sewer    | Reached skill level 4 in Long Blades
  2640 | D:3      | Gained mutation: You are immune to clouds of flame. [demonic ancestry]
  2640 | D:3      | Reached XP level 7. HP: 37/54 MP: 7/7
  2763 | D:3      | Found a glowing golden altar of the Shining One.
  2780 | D:3      | Found a hazy altar of Hepliaklqana.
  2885 | D:4      | Noticed Duvessa
  2885 | D:4      | Noticed Dowan
  2901 | D:4      | Killed Duvessa
  2905 | D:4      | Killed Dowan
  2926 | D:4      | Noticed Ijyb
  2946 | D:4      | Killed Ijyb
  3042 | D:4      | Reached skill level 5 in Long Blades
  3236 | D:4      | Killed from afar by an orc priest

Skill      XL: |  1  2  3  4  5  6  7 |
---------------+----------------------+-----
Shields        | 3 4 |  4.9
Long Blades    | 2 3 4 5 |  5.0
Armour         | 3 |  3.9
Fighting       | 4 |  4.3
Dodging        | 1 |  1.6
Stealth        | |  0.4

Action                   |  1- 3 |  4- 6 |  7- 9 || total
-------------------------+-------+-------+-------++-------
Melee: Long sword        |   114 |   347 |   118 ||   579
       Headbutt          |     8 |    50 |    29 ||    87
  Use: Scroll            |       |     3 |     6 ||     9
       Potion            |       |     2 |     1 ||     3
  Eat: Bread ration      |       |     2 |       ||     2
Armor: Scale mail        |    74 |   127 |    37 ||   238
       Plate armour      |       |       |    15 ||    15
Dodge: Dodged            |    36 |   103 |    20 ||   159
Block: Shield            |    71 |   325 |    75 ||   471
       Reflection        |       |     4 |     2 ||     6
       Rpst.: Long sword |    13 |    40 |     7 ||    60
